 Dungeon Crawl Stone Soup version 0.28.0-53-g5a82cb258f (webtiles) character file.

Game seed: 13617245633193731445

4 MiltankisOP the Skirmisher (level 1, 0/14 HPs)
             Began as a Gargoyle Fighter on June 14, 2022.
             Slain by a quokka (2 damage)
             ... on level 1 of the Dungeon.
             The game lasted 00:00:06 (25 turns).

MiltankisOP the Skirmisher (Gargoyle Fighter)         Turns: 25, Time: 00:00:06

Health: 0/14       AC:  9    Str: 19    XL:     1   Next: 60%
Magic:  1/1        EV:  9    Int:  8    God:
Gold:   0          SH:  4    Dex:  9    Spells: 0/0 levels left

rFire   . . .      SeeInvis .   a - +0 flail
rCold   . . .      Faith    .   c - +0 buckler
rNeg    + . .      Spirit   .   b - +0 scale mail
rPois   ∞          Reflect  .   (no helmet)
rElec   +          Harm     .   (no cloak)
rCorr   .          Rampage  .   (no gloves)
Will    .....                   (no boots)
Stlth   ..........              (no amulet)
HPRegen 0.04/turn               (no ring)
MPRegen 0.07/turn               (no ring)

@: no status effects
A: sickness immunity, AC +2, negative energy resistance 1, electricity
resistance, torment resistance 1, petrification resistance
a: no special abilities


You were on level 1 of the Dungeon.
You visited 1 branch of the dungeon, and saw 1 of its levels.

Inventory:

Hand Weapons
 a - a +0 flail (weapon)
Armour
 b - a +0 scale mail (worn)
 c - a +0 buckler (worn)
Potions
 d - a potion of might


   Skills:
 + Level 3.3 Fighting
 + Level 2.1 Maces & Flails
 + Level 3.3 Armour
 + Level 3.3 Shields


You couldn't memorise any spells.
You didn't know any spells.
Your spell library was empty.

Dungeon Overview and Level Annotations

Branches:
Dungeon (1/15)

Altars:


Innate Abilities, Weirdness & Mutations

You are immune to sickness and miasma.
Your stone body is resilient. (AC +2)
You are immune to poison.
You resist negative energy. (rN+)
You are resistant to electric shocks. (rElec)
You are resistant to unholy torment.
You are immune to petrification.


Message History

The incredible Orb of Zot lies far below, as if waiting for you to find it.
Press ? for a list of commands and other information.
Found a staircase leading out of the dungeon.
An endoplasm, a quokka and a giant cockroach come into view.
The endoplasm quivers.
A kobold comes into view. It is wielding a +0 dagger.
The kobold moves out of view.
The quokka bites you.
The giant cockroach bites you but does no damage.
The quokka barely misses you.
You barely miss the giant cockroach. The giant cockroach barely misses you.
The quokka closely misses you. The giant cockroach bites you.
You sock the giant cockroach!
You kill the giant cockroach!
The quokka barely misses you. The quokka bites you.
You barely miss the endoplasm. You block the quokka's attack.
You block the endoplasm's attack.
You thump the kobold!
You kill the kobold!
The quokka bites you. The endoplasm closely misses you.
The quokka barely misses you. The endoplasm freezes you.
You are frozen.
* * * LOW HITPOINT WARNING * * *
You completely miss the endoplasm. The quokka closely misses you.
The endoplasm barely misses you. You block the quokka's attack.
You barely miss the endoplasm.
The endoplasm hits you but does no damage.
The quokka bites you.
* * * LOW HITPOINT WARNING * * *
You hit the endoplasm.
The endoplasm is moderately wounded.
The quokka bites you but does no damage.
The endoplasm closely misses you. The quokka barely misses you.
The endoplasm hits you but does no damage.
You sock the endoplasm!
You kill the endoplasm!
The quokka barely misses you.
You barely miss the quokka. The quokka bites you.
You die...

.#..#...#..#..#..#
...............#
.............#
8...8..#..#..#
............#
..........#
.#..#..#..#
..........#
......)@..#
.#..#..#r.#
..........#
..........#
.#..#..#..#
...........
....... .... ..
.... ....


You could see a quokka.

Vanquished Creatures
  An endoplasm (D:1)
  A giant cockroach (D:1)
  A kobold (D:1)
3 creatures vanquished.

Notes
Turn   | Place    | Note
-------+----------+-------------------------------------------
     0 | D:1      | MiltankisOP the Gargoyle Fighter began the quest for the
                  | Orb.
     0 | D:1      | Reached XP level 1. HP: 14/14 MP: 1/1
    25 | D:1      | Slain by a quokka

Illustrated notes

Levels and vault maps discovered:
D:1:      co_arrival_hall_of_pillars, layout_loops_corners,
          minmay_misc_feat_room, minmay_misc_feat_five

Action                   || total
-------------------------++-------
Melee: Flail             ||     9
Armor: Scale mail        ||     4
Dodge: Dodged            ||    11
Block: Buckler           ||     3
